Map: Berlingrad LE

Players

AGOElazer (Elazer)

  • Race: Zerg Zerg
  • League: Master

Reynor - Winner!

  • Race: Zerg Zerg
  • League: Master

Event: DreamHack SC2 Masters Last Chance 2022

VOD

Have the link to the VOD?

Description

Time

  • Played on: Dec. 17, 2021, 3:14 p.m.
  • Length: 4:17

All games in this series

Show
View Real Time Build Order
Export as new Build Order

AGOElazer Zerg 

Build Orders: Hatch First 

Get SALT Encoding   

  12  0:00  Drone  
  13  0:12  Overlord  
  13  0:17  Drone  
  14  0:30  Drone x2  
  16  0:47  Hatchery  
  15  0:50  Drone  
  15  0:54  Drone  
  17  0:57  Drone  
  18  1:08  Extractor  
  17  1:12  Spawning Pool  
  17  1:15  Drone  
  17  1:18  Drone  
  18  1:28  Drone  
  19  1:38  Drone  
  20  1:49  Drone  
  21  1:59  Queen x2  
  25  2:03  Zergling x4  
  27  2:10  Drone, Overlord  
  28  2:29  Drone x2  
  30  2:31  Drone  
  30  2:32  Drone  
  32  2:39  Queen  
  32  2:41  Lair  
  32  2:42  Overlord  
  34  2:44  Drone  
  35  2:55  Drone  
  36  3:04  Drone x3  
  39  3:08  Drone x5  
  39  3:10  Evolution Chamber  
  39  3:11  Drone  
  44  3:18  Roach Warren  
  44  3:19  Overlord  
  43  3:22  Drone  
  43  3:25  Extractor  
  43  3:26  Extractor  
  42  3:27  Drone  
  42  3:29  Drone  
  44  3:40  Drone x4  
  48  3:47  Extractor  
  46  3:50  Drone  
  46  3:51  Drone x2  
  46  3:54  Drone x3  
  51  4:11  Hatchery, Evolution Chamber  
Show
View Real Time Build Order
Export as new Build Order

Reynor Zerg - Winner!

Build Orders: 3 Hatch before Pool 

Get SALT Encoding   

  12  0:00  Drone  
  13  0:12  Overlord  
  13  0:16  Drone  
  14  0:30  Drone  
  14  0:31  Drone  
  16  0:51  Drone, Hatchery  
  16  0:55  Drone  
  17  1:15  Hatchery  
  16  1:19  Drone  
  16  1:22  Drone  
  18  1:32  Extractor  
  17  1:37  Spawning Pool  
  17  1:39  Drone  
  17  1:43  Drone  
  17  1:46  Drone  
  19  1:51  Drone  
  20  2:02  Drone  
  20  2:03  Drone  
  22  2:14  Drone  
  23  2:24  Queen  
  23  2:25  Zergling x2  
  23  2:27  Queen  
  23  2:28  Zergling x2  
  29  2:30  Drone  
  29  2:32  Overlord  
  30  2:38  Metabolic Boost  
  30  2:41  Drone  
  31  2:44  Drone  
  31  2:51  Drone x2  
  34  2:57  Drone x2  
  36  2:59  Overlord  
  36  3:02  Drone  
  36  3:09  Baneling Nest  
  36  3:10  Zergling x2  
  36  3:11  Zergling x2  
  37  3:14  Drone  
  37  3:16  Zergling x2  
  39  3:22  Drone  
  39  3:24  Zergling x4  
  42  3:28  Overlord  
  42  3:30  Zergling x2  
  43  3:34  Zergling x2  
  43  3:35  Zergling x4  
  43  3:37  Overlord  
  43  3:40  Zergling x2  
  47  3:42  Zergling x2  
  47  3:47  Zergling x2  
  47  3:52  Zergling x2  
  47  3:54  Zergling x2  
  49  3:56  Zergling x2  

Tags
 
Add a new tag
Caveats
  • Supply blocks, unpowered buildings, or Contaminate may cause inaccurate times.
  • Supply counts are checked every 10 seconds.